 Dungeon Crawl Stone Soup version 0.25.0-1-g7eea58d2a3 (webtiles) character file.

Game seed: 1178417731030525196

39 DeadF the Sneak (level 3, -12/14 HPs)
             Began as a Felid Enchanter on June 14, 2020.
             Mangled by an ogre
             ... wielding a +0 giant club
              (26 damage)
             ... on level 2 of the Dungeon.
             The game lasted 00:05:29 (2521 turns).

DeadF the Sneak (Felid Enchanter)                   Turns: 2521, Time: 00:05:29

Health: -12/14     AC:  1    Str:  4    XL:     3   Next: 28%
Magic:  5/7        EV: 19    Int: 16    God:
Gold:   101        SH:  0    Dex: 17    Spells: 3/6 levels left
                                        Lives:  0   Deaths: 0

rFire    . . .     SeeInvis +     - Unarmed
rCold    . . .     Gourm    .   (shield unavailable)
rNeg     . . .     Faith    .   (armour unavailable)
rPois    .         Spirit   .   (helmet unavailable)
rElec    .         Reflect  .   (cloak unavailable)
rCorr    .         Harm     .   (gloves unavailable)
MR       .....                  (boots unavailable)
Stlth    +++.......             (no amulet)
HPRegen  0.04/turn              (no ring)
MPRegen  0.10/turn              (no ring)

@: quick
A: very small, no armour, no weapons or thrown items, stealth, claws 1, fangs 3,
see invisible, carnivore, speed 1, shaggy fur 1, slow metabolism 1, sharp paws
a: no special abilities


You were on level 2 of the Dungeon.
You were very full.

You visited 1 branch of the dungeon, and saw 2 of its levels.

You collected 101 gold pieces.

Inventory:

Jewellery
 a - an uncursed ring of protection from cold {unknown}
Scrolls
 c - 2 scrolls of remove curse {unknown}
 f - a scroll of magic mapping {unknown}
Potions
 d - a potion of ambrosia {unknown}
 e - a potion of curing {unknown}
 g - a potion of might {unknown}
Comestibles
 b - 3 rations


   Skills:
 + Level 4.0 Dodging
 + Level 5.2 Stealth
 - Level 1.0 Unarmed Combat
 - Level 2.0 Spellcasting
 - Level 4.4 Hexes


You had 3 spell levels left.
You knew the following spells:

 Your Spells              Type           Power        Failure   Level  Hunger
a - Corona                Hex            ###....      3%          1    #......
b - Ensorcelled Hibernat  Hex/Ice        #.....       13%         2    ###....

Your spell library contained the following spells:

 Spells                   Type           Power        Failure   Level  Hunger
 Confusing Touch          Hex            ###.....     11%         3    ###....
 Tukima's Dance           Hex            ###.....     11%         3    ###....
 Dazzling Flash           Conj/Hex       #.....       26%         3    ###....


Dungeon Overview and Level Annotations

Branches:
Dungeon (2/15)

Altars:


Innate Abilities, Weirdness & Mutations

You cannot wear armour.
You are incapable of wielding weapons or throwing items.
Your paws allow you to move quietly. (Stealth)
You have sharp claws.
You have razor-sharp teeth.
You have supernaturally acute eyesight. (SInv)
You are carnivorous and can eat meat at any time.
You cover ground quickly.
You are covered in fur. (AC +1)
You have a slow metabolism.
Your sharp claws are effective at attacking unaware monsters.


Message History

Aiming: Ensorcelled Hibernation (safe; 13% risk of failure)
Press: ? - help, Shift-Dir - straight line, f/p - ogre
Aim: an ogre, wielding a +0 giant club (chance to defeat MR: 39%)
The ogre looks drowsy...
You start resting.
Magic restored.
You start waiting.
Done waiting.
Casting: Ensorcelled Hibernation (safe; 13% risk of failure)
Confirm with . or Enter, or press ? or * to list all spells.
Aiming: Ensorcelled Hibernation (safe; 13% risk of failure)
Press: ? - help, Shift-Dir - straight line, f/p - ogre
Aim: an ogre, wielding a +0 giant club (chance to defeat MR: 39%)
The ogre looks drowsy...
You pounce on the unaware helpless ogre!
You claw the ogre!
The ogre is moderately wounded.
The ogre hits you with a +0 giant club!!
Ouch! That really hurt!
You die...

######+##.......#
#.........#######
#.........#
#.........#
#......(..#
####.........#
...'.........#
####.........########
...............O@...#
###################.#
#.# #.# #.# #.# #.#
#.# #.#


You could see an ogre.

Vanquished Creatures
  An adder (D:2)
  2 worms (D:2)
  2 leopard geckos
  3 goblins
  A hobgoblin (D:1)
  3 jackals (D:2)
  A ball python (D:1)
  A bat (D:1)
  2 frilled lizards (D:1)
  5 kobolds
  3 rats
24 creatures vanquished.

Notes
Turn   | Place    | Note
-------+----------+-------------------------------------------
     0 | D:1      | DeadF the Felid Enchanter began the quest for the Orb.
     0 | D:1      | Reached XP level 1. HP: 7/7 MP: 4/4
   634 | D:1      | Reached XP level 2. HP: 11/11 MP: 6/6
   913 | D:1      | Learned a level 2 spell: Ensorcelled Hibernation
  1826 | D:2      | Reached skill level 5 in Stealth
  1826 | D:2      | Reached XP level 3. HP: 14/14 MP: 0/7
  2245 | D:2      | Noticed an ogre
  2521 | D:2      | Mangled by an ogre

Illustrated notes

Levels and vault maps discovered:
D:1:      dpeg_arrival_round_b, layout_basic, minmay_pentomino_r2
D:2:      layout_basic, uniq_crazy_yiuf_cottage

Skill      XL: |  1  2  3 |
---------------+----------+-----
Dodging        | 3 4 |  4.0
Stealth        | 5 |  5.2
Unarmed Combat | |  1.0
Spellcasting   | |  2.0
Hexes          | |  4.4

Action                   || total
-------------------------++-------
Melee: Unarmed           ||    76
       Bite              ||     4
 Cast: Corona            ||     2
       Ensorcelled Hiber ||    17
 Stab: Sleeping          ||    14
  Eat: Chunk             ||    11
Armor: Skin              ||     6
Dodge: Dodged            ||    61
